 Dungeon Crawl Stone Soup version 0.17.1-1-g73c8601 (webtiles) character file.

1024 ololoev the Cleaver (level 8, 50/58 HPs)
             Began as a Demonspawn Fighter on Dec 18, 2015.
             Quit the game on level 4 of the Dungeon.
             The game lasted 00:09:58 (2069 turns).

ololoev the Cleaver (Demonspawn Fighter)            Turns: 2069, Time: 00:09:59

Health: 50/58      AC: 13    Str: 23    XL:     8   Next: 2%
Magic:  8/8        EV:  9    Int: 10    God:
Gold:   28         SH:  4    Dex: 13    Spells: 0 memorised, 7 levels left

rFire  . . .     SeeInvis .     a - +0 war axe
rCold  + . .     Clarity  .     u - +0 plate armour
rNeg   . . .     SustAt   .     f - +0 buckler
rPois  .         Gourm    .     (helmet restricted)
rElec  .         Spirit   .     b - +0 cloak
rCorr  +         Warding  .     n - +0 pair of gloves
rMut   .         Stasis   .     (no boots)
MR     .....                    j - amulet of resist corrosion
Stlth  ..........               p - +3 ring of evasion
                                (no ring)

@: mighty, not resistant to hostile enchantments, extremely unstealthy
A: antennae 1, cold resistance 1, nightstalker 1
a: no special abilities


Innate Abilities, Weirdness & Mutations

You have a pair of small antennae on your head.
Your flesh is cold resistant.
You are slightly more attuned to the shadows.

Inventory:

Hand Weapons
 a - a +0 war axe (weapon)
Missiles
 d - a throwing net (quivered)
 v - 5 curare-tipped needles
Armour
 b - a +0 cloak (worn)
 f - a +0 buckler (worn)
 n - a +0 pair of gloves (worn)
 u - a +0 plate armour (worn)
Jewellery
 j - an amulet of resist corrosion (around neck)
 p - a +3 ring of evasion (right hand)
Wands
 x - a wand of cold (15)
Scrolls
 c - 2 scrolls of recharging
 h - a scroll of magic mapping {unknown}
 k - 2 scrolls of enchant weapon {unknown}
 l - 2 scrolls of remove curse
 r - a scroll of immolation {unknown}
 s - a scroll of identify {unknown}
 y - a scroll of teleportation {unknown}
 z - a scroll of enchant armour {unknown}
 C - a scroll of random uselessness {unknown}
Potions
 g - a potion of heal wounds {unknown}
 m - a potion of degeneration {unknown}
 o - 4 potions of curing {unknown}
 w - a potion of agility {unknown}
 A - a potion of ambrosia {unknown}
Comestibles
 e - 3 bread rations
 i - a beef jerky
 t - 3 meat rations


   Skills:
 - Level 3.0 Fighting
 * Level 8.7 Axes
 - Level 2.6 Armour
 - Level 2.6 Shields


You had 7 spell levels left.
You didn't know any spells.


You were on level 4 of the Dungeon.
You were hungry.

You visited 2 branches of the dungeon, and saw 6 of its levels.

You collected 124 gold pieces.
You spent 96 gold pieces at shops.

##########.....#
...............#
#####..........#.....
#..........#....
#..........#...# ##
#..........#...##.#
######.....#.......
#.....#.......
#.....#@).....
#########.))).....
#.......#.#.)...##
#....(..#.#######
#...>...#.#......
#.......#.'......
#.......#.#......
#####'####.#######
#...............#

Notes
Turn   | Place    | Note
--------------------------------------------------------------
     0 | D:1      | ololoev the Demonspawn Fighter began the quest for the Orb.
     0 | D:1      | Reached XP level 1. HP: 18/18 MP: 1/1
   209 | D:2      | Gained mutation: You are slightly more attuned to the shadows. [demonic ancestry]
   209 | D:2      | Reached XP level 2. HP: 8/24 MP: 2/2
   308 | D:3      | Found a deep blue altar of Sif Muna.
   367 | D:3      | Reached XP level 3. HP: 6/29 MP: 3/3
   654 | D:3      | Noticed a scorpion
   664 | D:3      | Killed a scorpion
   664 | D:3      | Reached skill level 4 in Axes
   664 | D:3      | Reached XP level 4. HP: 15/35 MP: 4/4
   818 | D:3      | Noticed cada's ghost (amateur OgFi)
  1173 | D:3      | Killed cada's ghost
  1173 | D:3      | Reached skill level 6 in Axes
  1173 | D:3      | Reached XP level 5. HP: 15/41 MP: 5/5
  1173 | D:3      | Gained mutation: Your flesh is cold resistant. [demonic ancestry]
  1173 | D:3      | Reached XP level 6. HP: 17/47 MP: 6/6
  1464 | D:4      | Found an ancient bone altar of Kikubaaqudgha.
  1562 | D:4      | Found Xismeut's Assorted Antiques.
  1570 | D:4      | Bought a lead wand for 96 gold pieces
  1713 | D:5      | Entered Level 5 of the Dungeon
  1756 | D:5      | Reached skill level 7 in Axes
  1756 | D:5      | Reached XP level 7. HP: 39/52 MP: 7/7
  1761 | D:5      | Noticed Grinder
  1781 | D:5      | Killed Grinder
  1781 | D:5      | Reached skill level 8 in Axes
  1847 | D:4      | Noticed a scorpion
  1860 | D:4      | Killed a scorpion
  1895 | D:4      | Found a staircase to the Ecumenical Temple.
  1903 | Temple   | Entered the Ecumenical Temple
  2016 | D:4      | Found a bloodstained altar of Trog.
  2017 | D:4      | Found a blossoming altar of Fedhas.
  2067 | D:4      | Gained mutation: You have a pair of small antennae on your head. [demonic ancestry]
  2067 | D:4      | Reached XP level 8. HP: 49/58 MP: 8/8
  2069 | D:4      | Quit the game

Dungeon Overview and Level Annotations

Branches:
Dungeon (5/15)             Temple (1/1) D:4

Altars:
Ashenzari
Cheibriados
Dithmenos
Fedhas
Gozag
Kikubaaqudgha
Ru
Sif Muna
Trog
Yredelemnul
Zin
The Shining One

Shops:
D:4 *


Message History

You closely miss the gnoll.
The gnoll is severely wounded.
The gnoll hits you but does no damage.
Unknown command.
You slash the gnoll!
You kill the gnoll!
You slash the gnoll!
You kill the gnoll!
You hit the gnoll shaman.
The gnoll shaman is lightly wounded.
You block the gnoll shaman's attack. You block the gnoll's attack.
The gnoll hits you but does no damage.
The gnoll shaman calls down the wrath of its god upon you.
You resist with some effort. The gnoll hits you with a halberd.
The gnoll hits you but does no damage.
Things that are here:
a club; a gnoll corpse Unknown command.
You slice the gnoll!!
You kill the gnoll!
You slash the gnoll!
You kill the gnoll!
You hit the gnoll shaman.
The gnoll shaman is heavily wounded.
The gnoll shaman hits you but does no damage.
Unknown command.
Your plate armour prevents you from hitting the gnoll shaman.
The gnoll shaman is heavily wounded.
You block the gnoll shaman's attack.
You slash the gnoll shaman!
The gnoll shaman is almost dead.
The gnoll shaman misses you.
You slash the gnoll shaman!
You kill the gnoll shaman!
You have reached level 8!
You feel agile.
Your demonic ancestry asserts itself...
A pair of antennae grows on your head!
Things that are here:
a spear; a gnoll corpse Are you sure you want to abandon this character and quit the game? (Confirm with "yes".)

There were no monsters in sight!

Vanquished Creatures
  The ghost of cada the Skirmisher, an amateur OgFi (D:3)
  Grinder (D:5)
  A centaur (D:5)
  2 scorpions
  An orc priest (D:3)
  A crimson imp (D:5)
  A gnoll shaman (D:4)
  2 jellies (D:5)
  A centaur skeleton (D:5)
  3 worker ants
  A hound zombie (D:5)
  4 adders
  6 gnolls (D:4)
  A worm (D:2)
  7 orcs
  A ball python (D:1)
  A hobgoblin (D:2)
  A kobold (D:2)
  2 bats
  A giant cockroach (D:1)
  A giant gecko (D:3)
  A giant newt (D:2)
  A quokka (D:4)
  A rat (D:2)
43 creatures vanquished.

Action                   |  1- 3 |  4- 6 |  7- 9 || total
-------------------------+-------+-------+-------++-------
Melee: War axe           |    38 |    97 |    44 ||   179
  Use: Potion            |       |     1 |     2 ||     3
       Scroll            |       |       |     3 ||     3
  Eat: Chunk             |       |     3 |       ||     3

Vault maps used:
D:1:      minmay_arrival_loop, serial_glass, glass_columns_b, glass_columns_c
D:2:      nicolae_underground_beach
D:3:      lemuel_round_altar, first_bread, minmay_misc_feat_roman,
          kennysheep_potato
D:4:      lemuel_coloured_pillars_altar, minitemple, temple_green, serial_shops,
          nicolae_shop_stone
D:5:      minmay_misc_feat_secret_circle, uniq_grinder
Temple:   cyrus_temple_forest_13
